[Event "ICC Open 2015"]
[Site "Internet Chess Club"]
[Date "2015.05.29"]
[Round "11"]
[White "jakemate"]
[Black "ncc-1701"]
[Result "1-0"]
[ICCResult "Black resigns"]
[WhiteElo "1832"]
[BlackElo "2010"]
[Opening "QGD: Ragozin variation"]
[ECO "D38"]
[NIC "NI.27"]
[Time "21:30:54"]
[TimeControl "180+0"]

1. d4 Nf6 2. c4 e6 3. Nc3 d5 4. Nf3 Bb4 5. Qc2 O-O 6. Bg5 h6 7. Bh4 Be7 8.
e3 c6 9. a3 dxc4 10. Bxc4 b5 11. Bd3 a6 12. O-O Bb7 13. b4 Nbd7 14. Rac1 Nb6
15. Rfd1 Nbd5 16. Ne5 Rc8 17. Ne4 Nxe4 18. Bxe7 Qxe7 19. Bxe4 Qg5 20. Nd7
Rfd8 21. Nc5 Qe7 22. Qe2 Ra8 23. Bb1 f5 24. Ba2 Kh7 25. g3 a5 26. e4 axb4
27. exd5 Rxa3 28. dxe6 Ba8 29. Bb1 g6 30. Qe5 Rd5 31. Qb8 Rd8 32. Qf4 Rd5
33. Re1 Rc3 34. Ba2 Rd8 35. Nd7 c5 36. d5 Bxd5 37. Bxd5 c4 38. Qe5 Rd3 39.
Bc6 b3 40. Bxb5 b2 41. Qxb2 Qd6 42. Bxc4 Rd2 43. Rc2 Rd1 44. Re2 Rd4 45. Ba2
Qe7 46. Qxd4 {Black resigns} 1-0

[Event "ICC Open 2015"]
[Site "Internet Chess Club"]
[Date "2015.05.29"]
[Round "11"]
[White "Womacka"]
[Black "kingmate"]
[Result "0-1"]
[ICCResult "White forfeits on time"]
[WhiteElo "2445"]
[BlackElo "2556"]
[Opening "French: Tarrasch, closed variation, main line"]
[ECO "C06"]
[NIC "FR.17"]
[Time "21:30:17"]
[TimeControl "180+0"]

1. e4 e6 2. d4 d5 3. Nd2 Nf6 4. e5 Nfd7 5. Bd3 c5 6. c3 Nc6 7. Ne2 cxd4 8.
cxd4 f6 9. exf6 Nxf6 10. Nf3 Bd6 11. O-O Qc7 12. Nc3 a6 13. Be3 O-O 14. Rc1
h6 15. h3 Bd7 16. Na4 Rae8 17. Nc5 Re7 18. a3 Be8 19. b4 Bh5 20. Be2 Bxc5
21. Rxc5 Ne4 22. Rc1 Ref7 23. Ne5 Bxe2 24. Qxe2 Rf5 25. Nxc6 bxc6 26. Qxa6
Qf7 27. f3 Ng3 28. Rf2 Ne4 29. Rfc2 Rxf3 30. gxf3 Qxf3 31. Qe2 Qg3+ 32. Kh1
Qxh3+ 33. Kg1 Rf6 34. Qg2 Qxe3+ 35. Kh2 Qf4+ 36. Kg1 Kh7 37. Rf1 Qe3+ 38.
Kh2 Rg6 39. Qf3 Qxd4 40. Rg2 Qe5+ 41. Kg1 Rxg2+ 42. Qxg2 Qd4+ 43. Kh2 Qe3
44. Rf3 Qe1 45. Qg4 Qd2+ 46. Kg1 Qd1+ 47. Kg2 Nd2 48. Rg3 Qf1+ 49. Kh2 Qf2+
50. Kh3 Qf6 51. a4 Ne4 52. Rg2 Nf2+ 53. Rxf2 Qxf2 54. Qxe6 Qf3+ 55. Kh2 Qf4+
56. Kh3 Qf3+ 57. Kh2 Qf4+ 58. Kh3 Qxb4 59. Qf5+ Kg8 60. Qc8+ Kf7 61. Qxc6
Qd4 62. a5 g6 63. a6 Qe3+ 64. Kg2 Qe2+ 65. Kh3 Qf3+ {White forfeits on time}
0-1

[Event "ICC Open 2015"]
[Site "Internet Chess Club"]
[Date "2015.05.29"]
[Round "11"]
[White "nihil95"]
[Black "BehindBluEyes"]
[Result "0-1"]
[ICCResult "White resigns"]
[WhiteElo "1793"]
[BlackElo "2301"]
[Opening "French: advance, Paulsen attack"]
[ECO "C02"]
[NIC "FR.03"]
[Time "21:31:20"]
[TimeControl "180+0"]

1. e4 e6 2. d4 d5 3. e5 c5 4. c3 Nc6 5. Nf3 cxd4 6. Bb5 f6 7. O-O dxc3 8.
Nxc3 Bd7 9. Bxc6 bxc6 10. exf6 Nxf6 11. Re1 Bd6 12. Ng5 e5 13. Bf4 O-O 14.
Bxe5 Bxe5 15. Rxe5 Ng4 16. Rxd5 cxd5 17. Qxd5+ Kh8 18. Nf7+ Rxf7 19. Qxf7
Qh4 20. h3 Ne5 21. Qd5 Re8 22. Rd1 Bc6 23. Qd6 h6 24. Ne2 Qg5 25. Ng3 h5 26.
Qd4 h4 27. Re1 hxg3 28. Rxe5 gxf2+ 29. Kxf2 Qxe5 30. Qxe5 Rxe5 {White
resigns} 0-1

[Event "ICC Open 2015"]
[Site "Internet Chess Club"]
[Date "2015.05.29"]
[Round "11"]
[White "seriosha"]
[Black "Spirals"]
[Result "1-0"]
[ICCResult "Black checkmated"]
[WhiteElo "2202"]
[BlackElo "2113"]
[Opening "Sicilian: Canal-Sokolsky attack, 3...Bd7"]
[ECO "B52"]
[NIC "SI.01"]
[Time "21:30:21"]
[TimeControl "180+0"]

1. e4 c5 2. Nf3 d6 3. Bb5+ Bd7 4. Bxd7+ Qxd7 5. O-O e5 6. c3 Nf6 7. d4 Nc6
8. Re1 h6 9. d5 Ne7 10. Nbd2 Ng6 11. a4 Be7 12. Nc4 O-O 13. Bd2 b6 14. b3
Nh7 15. Qc2 Ng5 16. Bxg5 hxg5 17. g3 Qh3 18. Nfd2 g4 19. Nf1 Kh7 20. Nfe3
Rh8 21. Qe2 Kg8 22. Nxg4 Rf8 23. f3 f5 24. exf5 Rxf5 25. Qd3 Rg5 26. Nce3
Nf4 27. Qc2 Ng6 28. Ra2 Bf8 29. Qd3 Ne7 30. Rf2 Qh7 31. Qa6 Qg6 32. Qxa7 e4
33. fxe4 Rxg4 34. Rxf8+ Kxf8 35. Qb8+ Kf7 36. Rf1+ Nf5 37. Qxh8 Rxg3+ 38.
hxg3 Qxg3+ 39. Ng2 g6 40. exf5 gxf5 41. Rxf5+ Kg6 42. Qg8+ Kxf5 43. Qxg3 Ke4
44. Qxd6 c4 45. bxc4 Kd3 46. Qxb6 Kxc3 47. Qb3+ Kxb3 48. c5 Kc4 49. c6 Kxd5
50. c7 Kc5 51. c8=Q+ Kb4 52. Qb7+ Kxa4 53. Nf4 Ka3 54. Ng6 Ka4 55. Kf2 Ka3
56. Ke1 Ka4 57. Ke2 Ka5 58. Ke3 Ka4 59. Kd4 Ka5 60. Kc4 Ka4 61. Ne5 Ka3 62.
Qb1 Ka4 63. Qb6 Ka3 64. Qb3# {Black checkmated} 1-0

[Event "ICC Open 2015"]
[Site "Internet Chess Club"]
[Date "2015.05.29"]
[Round "11"]
[White "Sjelan"]
[Black "chessrex"]
[Result "1-0"]
[ICCResult "Black checkmated"]
[WhiteElo "2209"]
[BlackElo "2141"]
[Opening "Queen's pawn: Charlick (Englund) gambit"]
[ECO "A40"]
[NIC "QO.17"]
[Time "21:30:47"]
[TimeControl "180+0"]

1. d4 e5 2. dxe5 Nc6 3. Nf3 Nge7 4. Bg5 h6 5. Bh4 g5 6. Bg3 Nf5 7. Nbd2 Bg7
8. e4 Nxg3 9. hxg3 Nxe5 10. Nxe5 Bxe5 11. Nc4 Bg7 12. Qd5 d6 13. O-O-O Be6
14. Qb5+ c6 15. Qxb7 O-O 16. Rxd6 Qf6 17. Bd3 Qxf2 18. Rf1 Qc5 19. Qxc6 Qb4
20. Rxe6 fxe6 21. Qxe6+ Kh8 22. Rd1 Rac8 23. e5 Rxc4 24. Qxc4 Qxc4 25. Bxc4
Bxe5 26. Rd3 Rf1+ 27. Kd2 Rf2+ 28. Ke3 Rxc2 29. Bb3 Rxb2 30. Ke4 Bxg3 31.
Rxg3 Re2+ 32. Kf5 Kg7 33. Rc3 Re7 34. Kg4 Re4+ 35. Kg3 Re2 36. Rc7+ Kf6 37.
Rxa7 h5 38. Ra6+ Kf5 39. Ra5+ Kg6 40. Bc4 h4+ 41. Kh2 Rc2 42. Bd3+ Kh5 43.
Bxc2 Kg4 44. Bd1+ Kf4 45. Ra4+ Kf5 46. Rg4 Kg6 47. Kh3 Kh5 48. g3 hxg3 49.
Kxg3 Kg6 50. a4 Kf6 51. a5 Ke7 52. a6 Kd7 53. a7 Kc6 54. a8=Q+ Kc5 55. Qf3
Kd6 56. Rxg5 Ke6 57. Rf5 Ke7 58. Qg4 Ke6 59. Qg6+ Ke7 60. Rf7+ Ke8 61. Qg8#
{Black checkmated}
1-0

[Event "ICC Open 2015"]
[Site "Internet Chess Club"]
[Date "2015.05.29"]
[Round "11"]
[White "supermouse"]
[Black "aplusk"]
[Result "0-1"]
[ICCResult "White resigns"]
[WhiteElo "2681"]
[BlackElo "2847"]
[Opening "Réti: King's Indian attack (Barcza system)"]
[ECO "A07"]
[NIC "QP.09"]
[Time "21:30:33"]
[TimeControl "180+0"]

1. Nf3 d5 2. g3 c6 3. Bg2 Bg4 4. O-O Bxf3 5. Bxf3 Nd7 6. d4 Ngf6 7. Nd2 e5
8. dxe5 Nxe5 9. Bg2 Bd6 10. e4 dxe4 11. Nxe4 Nxe4 12. Bxe4 O-O 13. Bf4 Bc7
14. Bxh7+ Kxh7 15. Qh5+ Kg8 16. Bxe5 Qd5 17. Rfe1 f6 18. c4 Qf7 19. Qxf7+
Rxf7 20. Bxc7 Rxc7 21. Rad1 Kf7 22. Rd6 c5 23. f4 Re7 24. Rxe7+ Kxe7 25. Rd5
b6 26. Kf2 g6 27. g4 Rh8 28. Kg3 a6 29. h4 Ke6 30. f5+ gxf5 31. Rxf5 Rd8 32.
h5 Rd1 33. h6 Rg1+ 34. Kf3 Kf7 35. Rh5 Kg8 36. h7+ Kh8 37. Rh2 b5 38. cxb5
axb5 39. Ke4 Rxg4+ 40. Kf5 Ra4 41. b3 Ra6 42. Ke4 Rd6 43. Kf5 c4 44. bxc4
bxc4 45. Kg6 c3 46. Rc2 Rc6 47. a4 f5+ 48. Kxf5 Kxh7 49. Ke5 Kg6 50. Kd5 Ra6
51. Ra2 Kf5 52. Kc4 c2 53. Rxc2 Rxa4+ 54. Kb3 Re4 55. Rc4 Re1 56. Rc3 Ke4
57. Kc2 Kd4 58. Rd3+ Kc4 59. Rc3+ Kb5 60. Rb3+ Ka4 61. Rc3 Re4 62. Kd3 Re1
63. Rc4+ Kb3 64. Rc3+ Kb2 65. Rc2+ Kb1 66. Re2 Rd1+ 67. Rd2 Rh1 68. Re2 Kc1
69. Re3 Rd1+ 70. Ke2 Kc2 71. Rd3 Rxd3 72. Kf2 Kd2 {White resigns} 0-1

[Event "ICC Open 2015"]
[Site "Internet Chess Club"]
[Date "2015.05.29"]
[Round "11"]
[White "Kyekerz"]
[Black "johnny197"]
[Result "0-1"]
[ICCResult "White forfeits on time"]
[WhiteElo "1233"]
[BlackElo "1357"]
[Opening "Robatsch (modern) defense"]
[ECO "B06"]
[NIC "KF.05"]
[Time "21:31:10"]
[TimeControl "180+0"]

1. e4 g6 2. d4 Bg7 3. Nf3 c5 4. c4 cxd4 5. Nxd4 Bxd4 6. Qxd4 Nf6 7. Bh6 Nc6
8. Qc3 Rg8 9. Nd2 Ng4 10. Bf4 e5 11. Bg3 Qb6 12. h3 Nf6 13. Bxe5 Nxe5 14.
Qxe5+ Qe6 15. Qxe6+ dxe6 16. g4 Ke7 17. g5 Nh5 18. Be2 Nf4 19. Nf3 Rd8 20.
Rd1 Rxd1+ 21. Bxd1 Nd3+ 22. Ke2 Nxb2 23. Bb3 Bd7 24. Ne5 Ba4 25. Rb1 Bxb3
26. Rxb2 Ba4 27. Rxb7+ Kd6 28. Nxf7+ Kc5 29. Kd3 Bc6 30. Rc7 Kb6 31. Re7
Rd8+ 32. Kc3 Rd1 33. Rxe6 Rc1+ 34. Kb2 Rf1 35. Rf6 Re1 36. Nd8 Re2+ 37. Kc3
Rxe4 38. Rxc6+ Ka5 39. Re6 Rxe6 40. Nxe6 Kb6 41. Kd4 Kc6 42. Ke5 Kd7 43. c5
Ke7 44. Kd5 Kd7 45. c6+ Ke7 46. c7 Kd7 47. Kc5 a6 48. Kb6 a5 49. Kb7 a4 50.
c8=Q+ Kd6 51. Qc6+ Ke5 52. Qb5+ Kxe6 53. Qxa4 Kf5 54. Qb5+ Kf4 55. Qd5 h6
56. Kc6 hxg5 57. f3 Kg3 58. Qe4 Kxh3 {White forfeits on time} 0-1

[Event "ICC Open 2015"]
[Site "Internet Chess Club"]
[Date "2015.05.29"]
[Round "11"]
[White "Mormegil"]
[Black "rovov"]
[Result "1-0"]
[ICCResult "Black forfeits on time"]
[WhiteElo "1662"]
[BlackElo "1632"]
[Opening "French: Tarrasch, open variation"]
[ECO "C07"]
[NIC "FR.19"]
[Time "21:30:30"]
[TimeControl "180+0"]

1. e4 e6 2. d4 d5 3. Nd2 c5 4. exd5 Qxd5 5. Bc4 Qxd4 6. Ngf3 Qd6 7. O-O Nf6
8. Qe2 Nc6 9. c3 Be7 10. Rd1 Qc7 11. Nb3 O-O 12. Bg5 b6 13. Bh4 Bb7 14. Bg3
Qc8 15. Nbd2 Nh5 16. Ne4 Nxg3 17. hxg3 Rd8 18. Bb3 Qc7 19. Re1 h6 20. g4 Ne5
21. Nfd2 Nd3 22. Rf1 Nxb2 23. f4 Nd3 24. f5 exf5 25. gxf5 Nf4 26. Qf3 Rd3
27. Qxf4 Qxf4 28. Rxf4 Bg5 29. Nxg5 hxg5 30. Rf2 Rad8 31. Nf3 g4 32. Ng5 Bd5
33. Bxd5 R8xd5 34. Ne4 Re5 35. Re1 Rxc3 36. f6 Rc4 37. Rfe2 g3 38. Nxg3 Rxe2
39. Rxe2 gxf6 40. Nf5 Rc1+ 41. Kh2 c4 42. Ne7+ Kg7 43. Nd5 c3 44. Re3 c2 45.
Rg3+ Kh7 46. Rh3+ Kg6 47. Rg3+ Kf5 48. Ne3+ Ke4 49. Nxc2 Rxc2 50. Ra3 Rxa2
51. Rxa2 a5 52. Ra4+ Kd5 53. Rf4 Kc6 54. Rxf6+ Kb5 55. Rxf7 Ka4 56. Rf4+
{Black forfeits on time}
1-0

[Event "ICC Open 2015"]
[Site "Internet Chess Club"]
[Date "2015.05.29"]
[Round "11"]
[White "ALexiz"]
[Black "grancaruso"]
[Result "0-1"]
[ICCResult "White forfeits on time"]
[WhiteElo "1805"]
[BlackElo "1880"]
[Opening "Benoni: four pawns attack, main line"]
[ECO "A69"]
[NIC "BI.29"]
[Time "21:30:34"]
[TimeControl "180+0"]

1. d4 Nf6 2. c4 c5 3. d5 e6 4. Nc3 exd5 5. cxd5 d6 6. e4 g6 7. f4 Bg7 8. Nf3
O-O 9. Be2 Re8 10. Nd2 Na6 11. O-O Nc7 12. a4 b6 13. Re1 Rb8 14. Bf3 h6 15.
Nc4 Ba6 16. Na3 Bb7 17. Nab5 a6 18. Na3 Ba8 19. Nc4 b5 20. axb5 axb5 21. Na5
b4 22. Nb1 Nb5 23. Nc6 Bxc6 24. dxc6 Nd4 25. e5 dxe5 26. fxe5 Nd5 27. Nd2
Qc7 28. Bxd5 Rbd8 29. Bf3 Bxe5 30. Nc4 Bxh2+ 31. Kh1 Qg3 32. Bf4 Qxf4 33. c7
Rc8 34. Rxe8+ Rxe8 35. Qd2 Qh4 36. g3 Bxg3+ 37. Kg2 Qh2+ 38. Kf1 Nxf3 39.
Qxh2 Nxh2+ 40. Kg2 Ng4 41. Rh1 Bf4 42. Kf3 Ne5+ 43. Kxf4 Nxc4
{White forfeits on time}
0-1

[Event "ICC Open 2015"]
[Site "Internet Chess Club"]
[Date "2015.05.29"]
[Round "11"]
[White "gioachino82"]
[Black "Schack"]
[Result "0-1"]
[ICCResult "White forfeits on time"]
[WhiteElo "1458"]
[BlackElo "1634"]
[Opening "Ruy Lopez: Anderssen variation"]
[ECO "C77"]
[NIC "RL.12"]
[Time "21:30:45"]
[TimeControl "180+0"]

1. e4 e5 2. Nf3 Nc6 3. Bb5 a6 4. Ba4 Nf6 5. d3 Bd6 6. O-O O-O 7. h3 h6 8.
Re1 b5 9. Bb3 Bb7 10. c3 Ne7 11. Nbd2 c5 12. Nf1 Qc7 13. Ne3 Rfe8 14. Bd2
Ng6 15. a4 c4 16. dxc4 bxc4 17. Nxc4 Nxe4 18. Nxd6 Qxd6 19. Be3 Qc7 20. Qc2
Rab8 21. Rad1 Bc6 22. Nd2 Nxd2 23. Rxd2 Qb7 24. Bc4 Bxg2 25. Qxg6 d5 26.
Qxg2 dxc4 27. Qxb7 Rxb7 28. a5 Reb8 29. Bb6 f6 30. Rd6 Rc8 31. Red1 Kh7 32.
Rd7 Rbb8 33. Ra7 e4 34. Rdd7 Rg8 35. Rxa6 f5 36. Raa7 f4 37. Rd4 e3 38. Rxf4
e2 39. Re4 Rge8 40. Rxe8 Rxe8 41. Rxg7+ Kxg7 42. Bd4+ Kg6 43. a6 e1=Q+ 44.
Kg2 Qe4+ 45. Kf1 Rf8 46. a7 Ra8 {White forfeits on time} 0-1

[Event "ICC Open 2015"]
[Site "Internet Chess Club"]
[Date "2015.05.29"]
[Round "11"]
[White "bennywins"]
[Black "Smokie"]
[Result "0-1"]
[ICCResult "White checkmated"]
[WhiteElo "1179"]
[BlackElo "1437"]
[Opening "Sicilian: accelerated fianchetto, Maróczy bind"]
[ECO "B36"]
[NIC "SI.33"]
[Time "21:30:49"]
[TimeControl "180+0"]

1. e4 c5 2. Nf3 Nc6 3. d4 cxd4 4. Nxd4 g6 5. c4 Nf6 6. Nc3 d6 7. f3 Qb6 8.
Nxc6 bxc6 9. Qb3 Qd4 10. Be2 Bg7 11. Qd1 Qb6 12. Qb3 Qxb3 13. axb3 a5 14. b4
O-O 15. bxa5 Be6 16. O-O Rfb8 17. Ra2 Nd7 18. Bd2 Bd4+ 19. Kh1 Nc5 20. Rb1
Nb3 21. Be1 Nxa5 22. Nd5 cxd5 23. Rxa5 Rxa5 24. Bxa5 dxc4 25. Bc7 Rxb2 26.
Rxb2 Bxb2 27. Bd8 Kf8 28. Ba5 c3 29. Bd1 Bc4 30. Kg1 Bd3 31. Kf2 c2 32. Bxc2
Bxc2 33. Ke3 e5 34. g3 Ke7 35. Bb4 Bd4+ 36. Kd2 Bb3 37. Ba5 Ke6 38. Bd8 f5
39. Bg5 fxe4 40. fxe4 d5 41. exd5+ Bxd5 42. Bf6 Kxf6 43. Kd3 Kf5 44. h3 g5
45. g4+ Kf4 46. Ke2 Bc4+ 47. Ke1 Kg3 48. Kd2 Kxh3 49. Kc2 Kxg4 50. Kd2 e4
51. Kc2 e3 52. Kd1 e2+ 53. Ke1 Bc3+ 54. Kf2 e1=Q+ 55. Kg2 Qg3+ 56. Kh1 Bd5#
{White checkmated}
0-1

[Event "ICC Open 2015"]
[Site "Internet Chess Club"]
[Date "2015.05.29"]
[Round "11"]
[White "ErnestoRondon"]
[Black "ehkopean"]
[Result "1-0"]
[ICCResult "Black resigns"]
[WhiteElo "1870"]
[BlackElo "1702"]
[Opening "Caro-Kann: advance variation"]
[ECO "B12"]
[NIC "CK.02"]
[Time "21:31:40"]
[TimeControl "180+0"]

1. e4 c6 2. d4 d5 3. e5 c5 4. c3 cxd4 5. cxd4 e6 6. Nf3 Nc6 7. Nc3 Nge7 8.
Bd3 Ng6 9. O-O Be7 10. Be3 a6 11. Rc1 b5 12. a3 Bd7 13. b4 Rc8 14. Bb1 O-O
15. g3 f6 16. exf6 Bxf6 17. Re1 Kh8 18. Ne5 Ncxe5 19. dxe5 Bg5 20. Qh5 Bxe3
21. Bxg6 Bxf2+ 22. Kg2 h6 23. Rf1 Be3 24. Rxf8+ Qxf8 25. Rf1 Qd8 26. Ne2 d4
27. Bd3 Bc6+ 28. Kh3 Qd5 29. Qg6 Qg2+ 30. Kg4 h5+ 31. Qxh5+ Bh6 32. Qg6 Be4
33. Qxe4 Qxe4+ 34. Bxe4 Kg8 35. Bd3 Be3 36. Nf4 Rc3 37. Be4 Rxa3 38. Nxe6 g5
39. Nxg5 Bxg5 40. Kxg5 d3 41. e6 d2 42. Bc2 Re3 43. Kf6 Re1 44. Rf4 Rc1 45.
Bb3 d1=Q 46. e7+ Kh7 47. Rh4+ {Black resigns} 1-0

[Event "ICC Open 2015"]
[Site "Internet Chess Club"]
[Date "2015.05.29"]
[Round "11"]
[White "marabu"]
[Black "Ricardov"]
[Result "0-1"]
[ICCResult "White forfeits on time"]
[WhiteElo "2036"]
[BlackElo "2320"]
[Opening "Nimzovich-Larsen attack: classical variation"]
[ECO "A01"]
[NIC "VO.08"]
[Time "21:30:49"]
[TimeControl "180+0"]

1. b3 d5 2. Bb2 Nf6 3. e3 Bf5 4. f4 Nbd7 5. Be2 h6 6. Nf3 e6 7. O-O c6 8.
Ne5 Be7 9. d3 Qc7 10. Bf3 Bd6 11. Nxd7 Qxd7 12. Nd2 Bc5 13. Qe2 O-O 14. Kh1
Ne8 15. e4 Bh7 16. Rae1 Nd6 17. g4 Nb5 18. Bg2 Bd4 19. Bxd4 Nxd4 20. Qd1 c5
21. e5 b5 22. Nf3 Nxf3 23. Qxf3 c4 24. f5 cxd3 25. cxd3 Rac8 26. h4 Rc3 27.
Re3 d4 28. Re4 Rfc8 29. Rf4 exf5 30. gxf5 Re8 31. e6 Qd6 32. Qh5 Rf8 33. f6
Qxe6 34. fxg7 Kxg7 35. Rg4+ Bg6 36. Qf5 Qxf5 37. Rxf5 h5 38. Rxh5 Rxd3 39.
Rd5 Rd1+ 40. Kh2 f5 41. Rg5 Kh6 42. Rd6 Rg8 43. Rg3 f4 44. Rg5 Rd2 45. Kh3
f3 46. Bxf3 Rd3 47. Kg4 Rg7 48. Rdxg6+ Rxg6 49. Rxg6+ Kxg6 50. Be4+ Kf6 51.
Bxd3 Ke5 52. h5 b4 53. h6 a5 54. h7 a4 55. h8=Q+ Kd5 56. Qf6 Kc5 57. Qe5+
Kb6 {White forfeits on time} 0-1

[Event "ICC Open 2015"]
[Site "Internet Chess Club"]
[Date "2015.05.29"]
[Round "11"]
[White "jewels2"]
[Black "capatal1"]
[Result "0-1"]
[ICCResult "White forfeits on time"]
[WhiteElo "1327"]
[BlackElo "1452"]
[Opening "King's Indian: 3.g3"]
[ECO "E60"]
[NIC "KI.75"]
[Time "21:30:49"]
[TimeControl "180+0"]

1. d4 Nf6 2. c4 g6 3. g3 Bg7 4. Bg2 d6 5. Nf3 c6 6. Nc3 O-O 7. O-O Bg4 8. h3
Bxf3 9. Bxf3 Nbd7 10. Bf4 Re8 11. Re1 e5 12. dxe5 Nxe5 13. Bg5 Nxf3+ 14.
exf3 Rxe1+ 15. Qxe1 h6 16. Be3 Qc7 17. Rd1 Re8 18. Qd2 Kh7 19. Qd3 d5 20.
cxd5 cxd5 21. Nb5 Qc6 22. Nxa7 Qa6 23. Qxa6 bxa6 24. Nc6 Rc8 25. Ne7 Rd8 26.
Bd4 Rd7 27. Nc6 Rd6 28. Na5 Ne8 29. Bxg7 Nxg7 30. b3 f5 31. f4 Ne6 32. Nb7
Rb6 33. Na5 Rb5 34. Nc6 Rc5 35. Nd4 Nxd4 36. Rxd4 Kg7 37. Kg2 Kf6 38. Rd3
Ke6 39. Kf3 Kd6 40. g4 Rc2 41. gxf5 gxf5 42. a4 a5 43. Kg3 h5 44. Kh4 Rxf2
45. Kxh5 Rxf4 46. h4 Ke5 47. Kg5 Rg4+ 48. Kh6 Rxh4+ 49. Kg5 Rd4 50. Rf3 f4
51. Kg4 Re4 52. Kg5 d4 53. Rd3 Re3 54. Rd2 d3 55. Kg4 Ke4 56. Rf2 Rg3+ 57.
Kh4 Ke3 {White forfeits on time} 0-1

[Event "ICC Open 2015"]
[Site "Internet Chess Club"]
[Date "2015.05.29"]
[Round "11"]
[White "jonesey"]
[Black "Svinotigr"]
[Result "1-0"]
[ICCResult "Black resigns"]
[WhiteElo "1925"]
[BlackElo "1644"]
[Opening "King's pawn opening"]
[ECO "B07"]
[NIC "VO.17"]
[Time "21:31:18"]
[TimeControl "180+0"]

1. e4 d6 2. d4 Nd7 3. c4 e5 4. d5 g6 5. Nc3 h5 6. Nf3 Ngf6 7. Bg5 Bg7 8. Qd2
O-O 9. Bh6 a6 10. h3 Nc5 11. Bxg7 Kxg7 12. Bd3 a5 13. Bc2 Bd7 14. g4 Qe7 15.
gxh5 Nxh5 16. Ne2 Qf6 17. Qe3 Rh8 18. O-O-O a4 19. Rdg1 Nf4 20. h4 Rh5 21.
Ng3 Rh6 22. h5 Rah8 23. Ng5 Kf8 24. hxg6 fxg6 25. Rxh6 Rxh6 26. Ne2 Rh5 27.
Nf3 Rh3 28. Ng3 Nh5 29. Ng5 Rh2 30. Nh7+ Kf7 31. Nxf6 Kxf6 32. Nxh5+ Rxh5
33. Qf3+ Kg7 34. Qg2 Be8 35. Qg5 Kh7 36. Qe7+ Kh6 37. Qxe8 {Black resigns}
1-0

[Event "ICC Open 2015"]
[Site "Internet Chess Club"]
[Date "2015.05.29"]
[Round "11"]
[White "Shadeath"]
[Black "Red-white"]
[Result "0-1"]
[ICCResult "White forfeits on time"]
[WhiteElo "2935"]
[BlackElo "3134"]
[Opening "Caro-Kann: closed (Breyer) variation"]
[ECO "B10"]
[NIC "CK.01"]
[Time "21:30:50"]
[TimeControl "180+0"]

1. e4 c6 2. d3 d5 3. Nd2 e5 4. Ngf3 Bd6 5. d4 exd4 6. exd5 cxd5 7. Nxd4 Nc6
8. N2f3 Nge7 9. Be2 O-O 10. O-O Nf5 11. Nxf5 Bxf5 12. Be3 Qf6 13. c3 Be4 14.
Nd4 Rfe8 15. Qd2 Qg6 16. f3 Bf5 17. Rad1 Bd7 18. Rfe1 Re7 19. Bd3 Qh5 20.
Bf4 Rxe1+ 21. Rxe1 Bc5 22. Be3 Nxd4 23. Bxd4 Bxd4+ 24. cxd4 Qh4 25. Qf2 Qf6
26. Rc1 g6 27. Rc7 Bc6 28. a3 Re8 29. Ba6 bxa6 30. h4 Bb5 31. Kh2 Qd6+ 32.
Qg3 Qxg3+ 33. Kxg3 Bc4 34. b4 h5 35. Rxa7 Re3 36. a4 Rb3 37. Rb7 Kg7 38. Kf4
Ra3 39. a5 Ra2 40. g3 Re2 41. g4 hxg4 42. Kxg4 Rd2 43. Kf4 Rxd4+ 44. Ke5
Rxh4 45. f4 Bb5 46. Kxd5 Rxf4 47. Kc5 Rc4+ 48. Kb6 Rxb4 49. Re7 Be2+ 50. Kc5
Rb2 51. Re3 Rb5+ 52. Kd4 Bg4 53. Rg3 Be6 54. Ra3 Rb4+ 55. Kc3 Rc4+
{White forfeits on time}
0-1

[Event "ICC Open 2015"]
[Site "Internet Chess Club"]
[Date "2015.05.29"]
[Round "11"]
[White "asithink"]
[Black "TallTower"]
[Result "1-0"]
[ICCResult "Black checkmated"]
[WhiteElo "2077"]
[BlackElo "1768"]
[Opening "Dzindzikhashvili defense"]
[ECO "E10"]
[NIC "QI.01"]
[Time "21:33:02"]
[TimeControl "180+0"]

1. Nf3 Nf6 2. d4 e6 3. c4 a6 4. g3 c5 5. Bg2 cxd4 6. Nxd4 Nc6 7. O-O Bc5 8.
Nxc6 bxc6 9. Nc3 d5 10. b3 O-O 11. Na4 Be7 12. Be3 Rb8 13. Rc1 Bb7 14. Bb6
Qd7 15. Nc5 Bxc5 16. Bxc5 Rfd8 17. Qc2 d4 18. Rfd1 e5 19. Rd2 Qe6 20. e3
dxe3 21. Bxe3 Rxd2 22. Qxd2 Qe7 23. Rd1 h6 24. Qd6 Qe8 25. Bxh6 Nh7 26. Bd2
Nf6 27. Bc3 Qc8 28. Bxe5 Ra8 29. Bxf6 gxf6 30. Qxf6 Qg4 31. Rd4 Qe2 32. Rh4
Qe1+ 33. Bf1 Qxf1+ 34. Kxf1 Kf8 35. Rh8# {Black checkmated} 1-0

[Event "ICC Open 2015"]
[Site "Internet Chess Club"]
[Date "2015.05.29"]
[Round "11"]
[White "youngjp"]
[Black "RobbieWilliams"]
[Result "1-0"]
[ICCResult "Black checkmated"]
[WhiteElo "1985"]
[BlackElo "1732"]
[Opening "Alekhine's defense: Balogh variation"]
[ECO "B03"]
[NIC "AL.09"]
[Time "21:31:02"]
[TimeControl "180+0"]

1. e4 Nf6 2. e5 Nd5 3. d4 d6 4. Bc4 Nb6 5. Bb3 d5 6. Nf3 Bg4 7. O-O e6 8. c3
Be7 9. h3 Bh5 10. Be3 O-O 11. Nbd2 N8d7 12. Bc2 c5 13. Qb1 Bg6 14. Bxg6 hxg6
15. Rd1 cxd4 16. cxd4 Rc8 17. Qd3 a6 18. Rac1 Na4 19. Qb3 b5 20. Nf1 Ndb6
21. Rxc8 Qxc8 22. Rc1 Qd7 23. Ne1 Rc8 24. Rxc8+ Qxc8 25. Nd3 Nc4 26. g4 Nxe3
27. Nxe3 Bg5 28. f4 Be7 29. Qc2 Qxc2 30. Nxc2 Nb6 31. b3 Kf8 32. Nc5 Bxc5
33. dxc5 Nc8 34. b4 Ke8 35. Nd4 Kd7 36. Kf2 Ne7 37. Ke3 Ng8 38. Kd3 Nh6 39.
Kc3 Kc7 40. Kb3 Ng8 41. a4 bxa4+ 42. Kxa4 Ne7 43. Ka5 Kb7 44. b5 axb5 45.
Kxb5 Kc7 46. c6 Nc8 47. Kc5 Na7 48. h4 Nc8 49. Nb5+ Kb8 50. g5 Ne7 51. Kd6
Nf5+ 52. Kd7 Nxh4 53. c7+ Kb7 54. c8=Q+ Kb6 55. Qc7+ Kxb5 56. Ke7 Nf5+ 57.
Kxf7 d4 58. Kxe6 d3 59. Qd7+ Kc4 60. Qd5+ Kc3 61. Qc5+ Kd2 62. Kd5 Ke2 63.
Ke4 d2 64. Qc4+ Ke1 65. Qc3 Kd1 66. Kd3 Ne3 67. Qxd2# {Black checkmated} 1-0

[Event "ICC Open 2015"]
[Site "Internet Chess Club"]
[Date "2015.05.29"]
[Round "11"]
[White "Dewey"]
[Black "bythebook"]
[Result "1-0"]
[ICCResult "Black forfeits on time"]
[WhiteElo "1378"]
[BlackElo "1639"]
[Opening "Queen's pawn game"]
[ECO "D00"]
[NIC "QP.07"]
[Time "21:31:21"]
[TimeControl "180+0"]

1. d4 Nf6 2. Nc3 d5 3. g3 Bf5 4. Bg2 e6 5. Nf3 c6 6. O-O Bd6 7. Bg5 h6 8.
Bxf6 Qxf6 9. Re1 Nd7 10. e4 dxe4 11. Nxe4 Bxe4 12. Rxe4 O-O 13. c3 Rfd8 14.
Qd2 Nb6 15. b3 c5 16. Rd1 Rac8 17. Qe3 Nd5 18. Qd3 cxd4 19. cxd4 a6 20. Qd2
Nc3 21. Rde1 Nxe4 22. Rxe4 Rc7 23. h3 Rdc8 24. Ne5 Rc2 25. Qe3 R8c3 26. Nd3
Rxa2 27. d5 e5 28. b4 a5 29. bxa5 Bc5 30. Qf3 Bxf2+ 31. Qxf2
{Black forfeits on time}
1-0

[Event "ICC Open 2015"]
[Site "Internet Chess Club"]
[Date "2015.05.29"]
[Round "11"]
[White "dondoctor"]
[Black "mmf00"]
[Result "0-1"]
[ICCResult "White forfeits on time"]
[WhiteElo "2016"]
[BlackElo "1960"]
[Opening "Queen's gambit accepted"]
[ECO "D20"]
[NIC "QG.03"]
[Time "21:31:10"]
[TimeControl "180+0"]

1. d4 d5 2. c4 dxc4 3. e3 e5 4. Bxc4 exd4 5. exd4 Bd6 6. Nf3 Nf6 7. h3 h6 8.
Nc3 Nc6 9. O-O O-O 10. a3 Bf5 11. Be3 Ne7 12. d5 Ng6 13. Nb5 Be4 14. Nfd4
Bxd5 15. Bxd5 Nxd5 16. Nf5 Nxe3 17. fxe3 Qg5 18. Nbxd6 cxd6 19. Qxd6 Rad8
20. Qg3 Qxg3 21. Nxg3 Rd2 22. Rf2 Rfd8 23. Ne4 Rxf2 24. Kxf2 f5 25. Ng3 Rd2+
26. Kf1 Rxb2 27. Nxf5 Ne5 28. Rd1 Nc4 29. Rd8+ Kh7 30. Rd7 Kg6 31. g4 Kf6
32. Nxg7 Nxe3+ 33. Ke1 Ng2+ 34. Kd1 Ne3+ 35. Kc1 Rb3 36. Nh5+ Kg5 37. a4 Rb4
38. a5 Ra4 39. Rxb7 Rxa5 40. Ng7 Ng2 41. Ne6+ Kh4 42. Rh7 Kxh3 43. Rxh6+
Kxg4 44. Nd8 Rc5+ 45. Kb2 a5 46. Ka3 Rg5 47. Ra6 Ne3 48. Ka4 Nc4 49. Rc6 Ne5
50. Rc5 Kf4 51. Rxa5 Rg3 52. Ne6+ Kf5 53. Nd4+ Ke4 54. Nb3 Nc4 55. Nc5+ Kd4
56. Rb5 Nd6 57. Rb4+ Kd5 58. Nb7 Rg8 59. Nxd6 Kxd6 60. Rd4+ Kc5
{White forfeits on time}
0-1